 Dungeon Crawl Stone Soup version 0.28-a0-1227-ga9037bb4c8 (webtiles) character file.

Game seed: 2227123989196636938

124 ChaosChampion the Skirmisher (level 5, -5/55 HPs)
             Began as an Ogre Warper on Dec 22, 2021.
             Slain by a gnoll (7 damage)
             ... on level 1 of the Dungeon.
             The game lasted 00:02:02 (2533 turns).

ChaosChampion the Skirmisher (Ogre Warper)          Turns: 2533, Time: 00:02:02

Health: -5/55      AC:  3    Str: 17    XL:     5   Next: 8%
Magic:  8/8        EV: 13    Int: 14    God:
Gold:   45         SH:  0    Dex:  8    Spells: 9/9 levels left

rFire   . . .      SeeInvis .   a - +0 mace
rCold   . . .      Faith    .   (no shield)
rNeg    . . .      Spirit   .   b - +0 robe
rPois   .          Reflect  .   (helmet restricted)
rElec   .          Harm     .   (no cloak)
rCorr   .          Rampage  .   (gloves unavailable)
Will    .....                   (boots unavailable)
Stlth   +.........              (no amulet)
HPRegen 0.18/turn               h - +4 ring of evasion
MPRegen 0.11/turn               (no ring)

@: no status effects
A: large, unfitting armour, tough skin 1
a: no special abilities


You were on level 1 of the Dungeon.
You visited 1 branch of the dungeon, and saw 2 of its levels.

You collected 45 gold pieces.

Inventory:

Hand Weapons
 a - a +0 mace (weapon)
Missiles
 d - 5 boomerangs of dispersal (quivered)
 f - 5 boomerangs
Armour
 b - a +0 robe (worn)
Jewellery
 h - a +4 ring of evasion (left hand)
Scrolls
 c - 2 scrolls of blinking
 g - a scroll of amnesia {unknown}
 j - a scroll of identify {unknown}
Potions
 e - a potion of ambrosia {unknown}
 i - a potion of flight {unknown}


   Skills:
 + Level 4.3 Fighting
 * Level 3.7 Maces & Flails
 - Level 1.0 Throwing
 - Level 2.1 Dodging
 - Level 2.6 Spellcasting
 - Level 2.8 Translocations


You had 9 spell levels left.
You didn't know any spells.
Your spell library contained the following spells:

 Spells                   Type           Power      Damage    Failure   Level
 Blink                    Tloc           18%        N/A       11%         2
 Gell's Gravitas          Tloc           9%         N/A       21%         3
 Lesser Beckoning         Tloc           9%         N/A       21%         3
 Teleport Other           Tloc           9%         N/A       21%         3
 Manifold Assault         Tloc           9%         N/A       88%         5


Dungeon Overview and Level Annotations

Branches:
Dungeon (2/15)

Altars:

Annotations:
D:2 Terence


Innate Abilities, Weirdness & Mutations

You are too large for most types of armour.
You have tough skin. (AC +1)


Message History

Terence is severely wounded.
Terence shouts, "Now you die!" Terence barely misses you.
You closely miss Terence.
Terence is severely wounded.
Terence hits you with a +0 short sword.
You hit Terence but do no damage.
Terence is severely wounded.
Terence hits you with a +0 short sword.
* * * LOW HITPOINT WARNING * * *
Terence hits you but does no damage.
You see here the felid skeleton of Natasha.
There is a stone staircase leading up, spattered with blood here.
Terence bares his teeth.
The gnoll barely misses you. The gnoll hits you with a +0 flail.
The gnoll closely misses you. The gnoll hits you with a +0 flail.
There is a stone staircase leading up, spattered with blood here.
You climb upwards.
There is a stone staircase leading down here.
You are too injured to fight recklessly!
You are too injured to fight recklessly!
You are too injured to fight recklessly!
You hit the gnoll but do no damage. The gnoll closely misses you.
You hit the gnoll.
The gnoll is moderately wounded.
The gnoll hits you with a +0 flail!
* * * LOW HITPOINT WARNING * * *
You hit the gnoll.
The gnoll is heavily wounded.
The gnoll hits you with a +0 flail!
* * * LOW HITPOINT WARNING * * *
You barely miss the gnoll.
The gnoll is heavily wounded.
The gnoll hits you with a +0 flail.
* * * LOW HITPOINT WARNING * * *
There is an open door here.
The gnoll hits you with a +0 flail!
You die...

#....####.........####...#####
#.......+.........'...........
#....####.........####...#####
#...## ##>......## ##)## ##.##
##.....## #.# #.# ##...## #.#
#.# ##'## #.### #.# #g# #...#
####.##########@# ########.#
#............##.## #......#.#
#.##.รท.#####.#...###.####.#.#
#.##...#...............##.#.#
#.##....###..#...###.#.##.#.#
#.##....# #..##.## #......#.#
#.####..###.###.# ###......#
#.# #.#...## #.# ########
#.####.##### #.#


You could see a gnoll.

Vanquished Creatures
  Natasha (thrice) (D:2)
  An adder (D:1)
  3 ball pythons
  7 endoplasms
  A goblin (D:1)
  6 hobgoblins
  4 jackals (D:1)
  4 kobolds
  2 quokkas (D:1)
  4 bats
  2 frilled lizards
  3 rats
40 creatures vanquished.

Notes
Turn   | Place    | Note
-------+----------+-------------------------------------------
     0 | D:1      | ChaosChampion the Ogre Warper began the quest for the Orb.
     0 | D:1      | Reached XP level 1. HP: 22/22 MP: 3/3
   195 | D:1      | Reached skill level 3 in Fighting
   195 | D:1      | Reached XP level 2. HP: 28/31 MP: 5/5
   486 | D:1      | Found a faded altar of an unknown god.
   758 | D:1      | Reached XP level 3. HP: 30/37 MP: 6/6
  1535 | D:2      | Noticed Natasha
  1551 | D:2      | Killed Natasha
  1552 | D:2      | Reached XP level 4. HP: 21/48 MP: 7/7
  1869 | D:2      | Noticed Natasha
  1887 | D:2      | Killed Natasha
  1888 | D:2      | Reached skill level 4 in Fighting
  1926 | D:2      | Noticed Natasha
  2341 | D:2      | Killed Natasha
  2342 | D:2      | Reached XP level 5. HP: 46/55 MP: 8/8
  2419 | D:2      | Noticed Terence
  2528 | D:1      | HP: 1/55 [gnoll (2)]
  2533 | D:1      | Slain by a gnoll

Illustrated notes

Levels and vault maps discovered:
D:1:      evilmike_arrival_crescent, layout_loops_corners,
          shapermc_ecumenical_altar_venn
D:2:      layout_loops_cross, minmay_circle_x, uniq_terence, uniq_natasha

Skill      XL: |  1  2  3  4 |
---------------+-------------+-----
Fighting       | 3 4 |  4.3
Maces & Flails | 2 3 |  3.7
Throwing       | |  1.0
Dodging        | |  2.1
Spellcasting   | |  2.6
Translocations | |  2.8

Action                   |  1- 3 |  4- 6 || total
-------------------------+-------+-------++-------
Melee: Mace              |   105 |    52 ||   157
 Stab: Sleeping          |     1 |       ||     1
Armor: Robe              |    34 |    24 ||    58
Dodge: Dodged            |    86 |    56 ||   142

Table legend: (Time is in decaauts)
 A = Elapsed time spent in this place.
 B = Non-inter-level travel time spent in this place.
 C = Inter-level travel time spent in this place.
 D = Time resting spent in this place.
 E = Time spent auto-exploring this place.
 F = Levels seen in this place.
 G = Mean time per level.
                   A        B        C        D        E       F      G
               +--------+--------+--------+--------+--------+-----+--------+
         Total |   2577 |   2496 |     81 |    590 |   1425 |   2 | 1288.5 |
       Dungeon |   2577 |   2496 |     81 |    590 |   1425 |   2 | 1288.5 |
               +--------+--------+--------+--------+--------+-----+--------+

Top non-repeatable levels by time:
     D:1: 1902 daAuts
     D:2: 674 daAuts
